 Dungeon Crawl Stone Soup version 0.28-a0-1374-ga75cb3825e (webtiles) character file.

Game seed: 17960618486864548644

13603 sanka the Carver (level 12, -6/96 HPs)
             Began as a Gnoll Cinder Acolyte on Jan 1, 2022.
             Was a High Priest of Ignis.
             Mangled by a cyclops (13 damage)
             ... on level 11 of the Dungeon.
             The game lasted 00:22:23 (12793 turns).

sanka the Carver (Gnoll Cinder Acolyte)            Turns: 12793, Time: 00:22:23

Health: -6/96      AC: 23    Str: 15    XL:     12   Next: 7%
Magic:  11/32      EV: 10    Int: 18    God:    Ignis [*****.]
Gold:   808        SH:  0    Dex:  7    Spells: 24/26 levels left

rFire   + . .      SeeInvis .   a - +5 morningstar
rCold   . . .      Faith    .   (no shield)
rNeg    + . .      Spirit   .   c - +0 pearl dragon scales
rPois   .          Reflect  .   (no helmet)
rElec   .          Harm     .   B - +1 cloak
rCorr   .          Rampage  .   (no gloves)
Will    .....                   w - +0 pair of boots
Stlth   +.........              r - amulet of regeneration
HPRegen 1.06/turn               m - ring of wizardry
MPRegen 0.23/turn               s - ring of magical power

@: fiery-armoured
A: fangs 1, strong nose, distributed training
a: Renounce Religion, Fiery Armour, Foxfire Swarm, Rising Flame


You were on level 11 of the Dungeon.
You worshipped Ignis.
Ignis was extremely pleased with you.
You visited 1 branch of the dungeon, and saw 11 of its levels.
You also visited: Sewer.

You collected 808 gold pieces.


Innate Abilities, Weirdness & Mutations

You have very sharp teeth.
Your uncanny sense of smell can sniff out nearby items.
Your experience applies equally to all skills.


   Skills:
 + Level 9.6 Fighting
 + Level 6.9 Short Blades
 + Level 9.6 Long Blades
 + Level 6.9 Axes
 + Level 6.9 Maces & Flails
 + Level 6.9 Polearms
 + Level 6.9 Staves
 + Level 6.9 Slings
 + Level 6.9 Bows
 + Level 6.9 Crossbows
 + Level 6.9 Throwing
 + Level 6.9 Armour
 + Level 6.9 Dodging
 + Level 6.9 Stealth
 + Level 6.9 Shields
 + Level 6.9 Unarmed Combat
 + Level 7.5 Spellcasting
 + Level 5.7 Conjurations
 + Level 5.7 Hexes
 + Level 5.7 Summonings
 + Level 5.7 Necromancy
 + Level 5.7 Translocations
 + Level 5.7 Transmutations
 + Level 8.0 Fire Magic
 + Level 5.7 Ice Magic
 + Level 5.7 Air Magic
 + Level 5.7 Earth Magic
 + Level 5.7 Poison Magic
 + Level 7.6 Invocations
 + Level 6.9 Evocations


You had 24 spell levels left.
You knew the following spells:

 Your Spells              Type           Power      Damage    Failure   Level
y - Scorch                Fire           70%        2d9       1%          2

Your spell library contained the following spells:

 Spells                   Type           Power      Damage    Failure   Level
 Animate Skeleton         Necr           54%        N/A       1%          1
 Apportation              Tloc           54%        N/A       1%          1
 Magic Dart               Conj           100%       1d8       1%          1
 Pain                     Necr           100%       1d9       1%          1
 Summon Small Mammal      Summ           100%       N/A       1%          1
 Sublimation of Blood     Necr           27%        N/A       2%          2
 Wereblood                Tmut           27%        N/A       2%          2
 Call Canine Familiar     Summ           27%        N/A       5%          3
 Ozocubu's Armour         Ice            27%        N/A       5%          3
 Stone Arrow              Conj/Erth      54%        3d10      5%          3
 Summon Guardian Golem    Hex/Summ       27%        N/A       5%          3
 Vampiric Draining        Necr           27%        2d7       5%          3
 Flame Wave               Conj/Fire      31%        2d7       11%         4
 Animate Armour           Summ/Erth      54%        N/A       16%         4
 Metabolic Englaciation   Hex/Ice        13%        N/A       41%         5
 Simulacrum               Ice/Necr       13%        N/A       92%         6
 Summon Cactus Giant      Summ           13%        N/A       92%         6
 Summon Hydra             Summ           13%        N/A       100%        7
 Borgnjor's Revivificati  Necr           13%        N/A       100%        8
 Lehudib's Crystal Spear  Conj/Erth      13%        10d5      100%        8
 Necromutation            Tmut/Necr      13%        N/A       100%        8
 Death's Door             Necr           13%        N/A       100%        9

Inventory:

Hand Weapons
 a - a +5 morningstar (weapon)
 b - a +1 scimitar of flaming
 j - a +4 quarterstaff of chaos
 l - the +8 spear "Voygrusi" {protect, *Noise rN++ Dex+3}

   It grants its wielder temporary protection when it strikes (+7 to AC).
   Dex:       It affects your dexterity (+3).
   rN:        It greatly protects you from negative energy.
   *Noise:    It may make noises in combat.
 M - a +2 scimitar of holy wrath
Missiles
 o - a curare-tipped dart {=f}
Armour
 c - +0 pearl dragon scales (worn)
 w - a +0 pair of boots (worn)
 B - a +1 cloak (worn)
 F - +0 acid dragon scales
 G - a +0 robe
Jewellery
 m - a ring of wizardry (left hand)
 r - an amulet of regeneration (around neck)
 s - a ring of magical power (right hand)
 E - a +4 ring of evasion
 J - a ring of flight
Wands
 x - a wand of charming (6)
 A - a wand of polymorph (6)
 H - a wand of acid (4)
 I - a wand of digging (4)
Scrolls
 d - a scroll of acquirement
 g - 4 scrolls of brand weapon
 h - a scroll of enchant weapon
 k - 5 scrolls of magic mapping
 p - 2 scrolls of enchant armour
 q - 2 scrolls of teleportation {@r4}
 y - 2 scrolls of fog
 z - a scroll of torment {!r}
 D - a scroll of fear
 K - 2 scrolls of amnesia
Potions
 e - 4 potions of curing {unknown}
 f - a potion of flight {unknown}
 i - a potion of heal wounds {@q2}
 n - 4 potions of attraction {unknown}
 t - a potion of haste {@q3}
 u - a potion of degeneration {unknown}
 v - a potion of resistance {unknown}
 C - 3 potions of invisibility

Dungeon Overview and Level Annotations

Branches:
Dungeon (11/15)            Temple (0/1) D:6            Lair (0/6) D:8
  Sewer (visited)
    Orc: D:9-12

Altars:
Elyvilon
Fedhas
Gozag
Kikubaaqudgha
Nemelex Xobeh
Sif Muna
Xom
Zin

Shops:
D:7 (

Annotations:
D:5 2 transporters, p0werm0de's ghost, novice FoCK

.▒.▒ ▒.▒.▒ ... .▒.▒
▒.▒.▒ .. .▒.▒▒▒▒▒.▒.▒
.▒
.▒.......▒.▒▒▒▒▒▒.▒▒▒
>.........(.........▒
...........▒▒▒▒.....▒
▒▒......▒▒▒▒ ▒.....▒
▒......▒ ▒.†...▒
▒......▒ ▒†g...▒
▒..)...▒ ▒.C...▒
▒).....▒ ▒.....▒
▒▒▒▒▒▒▒▒ ▒.....▒
▒.....▒ ▒.....▒ ∆
▒.....▒ ∆ ▒.....▒


You could see a cyclops (combustible).


Message History

The vampire mosquito's fire resistance burns away.
The cyclops is no longer more vulnerable to fire.
The vampire mosquito bites you but does no damage.
The vampire mosquito is burned by your cloak of flames.
The vampire mosquito is severely damaged.
The vampire mosquito barely misses you.
The cyclops hits you but does no damage.
The vampire mosquito closely misses you.
The vampire mosquito bites you but does no damage.
The vampire mosquito is burned terribly!
The vampire mosquito is burned by your cloak of flames.
The vampire mosquito is severely damaged.
Flames lash the vampire mosquito.
You destroy the vampire mosquito!
The vampire mosquito bites you!
* * * LOW HITPOINT WARNING * * *
The vampire mosquito draws strength from your injuries!
The vampire mosquito is burned terribly!
The vampire mosquito is burned by your cloak of flames.
The vampire mosquito is severely damaged.
The cyclops closely misses you.
The vampire mosquito bites you but does no damage.
The vampire mosquito is burned terribly!
The vampire mosquito is burned by your cloak of flames.
You destroy the vampire mosquito!
Flames lash the cyclops.
The cyclops is almost dead.
The cyclops's fire resistance burns away.
The cyclops hits you!
You die...

Action                   |  1- 3 |  4- 6 |  7- 9 | 10-12 || total
-------------------------+-------+-------+-------+-------++-------
Melee: Falchion          |   108 |    95 |     7 |       ||   210
       Bite              |     9 |     6 |    21 |    48 ||    84
       Spear             |       |       |   351 |   527 ||   878
       Punch             |       |       |     4 |    12 ||    16
       Morningstar       |       |       |       |    15 ||    15
       Scimitar          |       |       |       |     4 ||     4
 Cast: Scorch            |       |     5 |    61 |    98 ||   164
Invok: Foxfire Swarm     |       |     1 |       |       ||     1
       Fiery Armour      |       |       |       |     1 ||     1
Evoke: Wand              |       |       |       |     2 ||     2
  Use: Scroll            |       |       |       |    10 ||    10
 Stab: Distracted        |       |       |       |     1 ||     1
Armor: Robe              |     1 |       |       |       ||     1
       Pearl dragon scal |    43 |    34 |   202 |   371 ||   650
Dodge: Dodged            |    45 |    29 |   132 |   271 ||   477

Levels and vault maps discovered:
D:1:      nagdon_arrival_zigzag_paths, layout_basic
D:2:      layout_basic
D:3:      layout_loops_ring, zin_treasury,
          shapermc_ecumenical_altar_mp_vishouse, grunt_ministairs_15,
          uniq_grinder
D:4:      nicolae_BIG_FREAKIN_CUBE, layout_layer_cave
D:5:      layout_loops_ring, gup_sewer_entry_bowl, gammafunk_ghost_hive,
          uniq_ijyb, uniq_menkaure
D:6:      layout_cave_pools, minmay_temple_entry_offerings
D:7:      layout_basic, xom_shifter_show, lemuel_mausoleum_altar_kikubaaqudgha,
          mainiacjoe_overflow_swirl, serial_shops, shop, corexii_hall_statues_x,
          uniq_crazy_yiuf_cottage
D:8:      layout_loops_ring, lair_entry_dummy, uniq_erica
D:9:      layout_loops_ring, mainiacjoe_overflow_brackets,
          nicolae_sif_muna_little_library, nemelex_xobeh_ov_fountains_minmay,
          grunt_ministairs_9
D:10:     layout_gridville, serial_undead, serial_undead_c, serial_undead_c,
          serial_undead_b, serial_undead_b, serial_undead_d, serial_undead_f,
          serial_undead_b, serial_undead_a
D:11:     layout_basic, david_orc_4, minivault_28

Notes
Turn   | Place    | Note
-------+----------+-------------------------------------------
     0 | D:1      | sanka the Gnoll Cinder Acolyte began the quest for the Orb.
     0 | D:1      | Reached XP level 1. HP: 23/23 MP: 4/4
   168 | D:1      | Identified +0 pearl dragon scales
   281 | D:1      | Reached XP level 2. HP: 27/29 MP: 5/5
   578 | D:1      | Reached XP level 3. HP: 33/35 MP: 7/7
  1140 | D:2      | Reached skill level 1 in Invocations
  1363 | D:2      | Reached skill level 1 in Short Blades
  1363 | D:2      | Reached skill level 1 in Axes
  1363 | D:2      | Reached skill level 1 in Maces & Flails
  1363 | D:2      | Reached skill level 1 in Polearms
  1363 | D:2      | Reached skill level 1 in Staves
  1363 | D:2      | Reached skill level 1 in Slings
  1363 | D:2      | Reached skill level 1 in Bows
  1363 | D:2      | Reached skill level 1 in Crossbows
  1363 | D:2      | Reached skill level 1 in Throwing
  1363 | D:2      | Reached skill level 1 in Armour
  1363 | D:2      | Reached skill level 1 in Dodging
  1363 | D:2      | Reached skill level 1 in Stealth
  1363 | D:2      | Reached skill level 1 in Shields
  1363 | D:2      | Reached skill level 1 in Unarmed Combat
  1363 | D:2      | Reached skill level 1 in Evocations
  1444 | D:2      | Reached XP level 4. HP: 41/41 MP: 8/8
  2071 | D:3      | Reached skill level 3 in Spellcasting
  2104 | D:3      | Found a glowing silver altar of Zin.
  2236 | D:3      | Reached skill level 1 in Conjurations
  2236 | D:3      | Reached skill level 1 in Hexes
  2236 | D:3      | Reached skill level 1 in Summonings
  2236 | D:3      | Reached skill level 1 in Necromancy
  2236 | D:3      | Reached skill level 1 in Translocations
  2236 | D:3      | Reached skill level 1 in Transmutations
  2236 | D:3      | Reached skill level 1 in Ice Magic
  2236 | D:3      | Reached skill level 1 in Air Magic
  2236 | D:3      | Reached skill level 1 in Earth Magic
  2236 | D:3      | Reached skill level 1 in Poison Magic
  2250 | D:3      | Noticed Grinder
  2282 | D:3      | Paralysed by Grinder for 2 turns
  2284 | D:3      | Killed Grinder
  2285 | D:3      | Reached skill level 2 in Invocations
  2285 | D:3      | Reached XP level 5. HP: 26/47 MP: 8/10
  2285 | D:3      | Reached XP level 6. HP: 29/53 MP: 8/11
  2872 | D:3      | Found a faded altar of an unknown god.
  2909 | D:3      | Reached skill level 2 in Short Blades
  2909 | D:3      | Reached skill level 2 in Axes
  2909 | D:3      | Reached skill level 2 in Maces & Flails
  2909 | D:3      | Reached skill level 2 in Polearms
  2909 | D:3      | Reached skill level 2 in Staves
  2909 | D:3      | Reached skill level 2 in Slings
  2909 | D:3      | Reached skill level 2 in Bows
  2909 | D:3      | Reached skill level 2 in Crossbows
  2909 | D:3      | Reached skill level 2 in Throwing
  2909 | D:3      | Reached skill level 2 in Armour
  2909 | D:3      | Reached skill level 2 in Dodging
  2909 | D:3      | Reached skill level 2 in Stealth
  2909 | D:3      | Reached skill level 2 in Shields
  2909 | D:3      | Reached skill level 2 in Unarmed Combat
  2909 | D:3      | Reached skill level 2 in Evocations
  3067 | D:4      | Noticed a black bear
  3097 | D:3      | Learned a level 2 spell: Scorch
  3457 | D:4      | Reached XP level 7. HP: 19/59 MP: 7/12
  3712 | D:4      | Identified the +8 spear "Voygrusi" {protect, *Noise rN++
                  | Dex+3}
  3791 | D:4      | Reached skill level 7 in Fighting
  3791 | D:4      | Reached skill level 7 in Long Blades
  3922 | D:4      | Reached skill level 2 in Conjurations
  3922 | D:4      | Reached skill level 2 in Hexes
  3922 | D:4      | Reached skill level 2 in Summonings
  3922 | D:4      | Reached skill level 2 in Necromancy
  3922 | D:4      | Reached skill level 2 in Translocations
  3922 | D:4      | Reached skill level 2 in Transmutations
  3922 | D:4      | Reached skill level 2 in Ice Magic
  3922 | D:4      | Reached skill level 2 in Air Magic
  3922 | D:4      | Reached skill level 2 in Earth Magic
  3922 | D:4      | Reached skill level 2 in Poison Magic
  4490 | D:5      | Entered Level 5 of the Dungeon
  4506 | D:5      | Noticed Menkaure
  4712 | D:5      | Reached skill level 3 in Invocations
  4750 | D:5      | Found a glowing drain.
  4784 | Sewer    | Entered a sewer
  4792 | Sewer    | Reached skill level 4 in Spellcasting
  4848 | Sewer    | Reached skill level 6 in Fire Magic
  4850 | Sewer    | Reached XP level 8. HP: 52/67 MP: 10/14
  4879 | Sewer    | Reached skill level 3 in Short Blades
  4879 | Sewer    | Reached skill level 3 in Axes
  4879 | Sewer    | Reached skill level 3 in Maces & Flails
  4879 | Sewer    | Reached skill level 3 in Polearms
  4879 | Sewer    | Reached skill level 3 in Staves
  4879 | Sewer    | Reached skill level 3 in Slings
  4879 | Sewer    | Reached skill level 3 in Bows
  4879 | Sewer    | Reached skill level 3 in Crossbows
  4879 | Sewer    | Reached skill level 3 in Throwing
  4879 | Sewer    | Reached skill level 3 in Armour
  4879 | Sewer    | Reached skill level 3 in Dodging
  4879 | Sewer    | Reached skill level 3 in Stealth
  4879 | Sewer    | Reached skill level 3 in Shields
  4879 | Sewer    | Reached skill level 3 in Unarmed Combat
  4879 | Sewer    | Reached skill level 3 in Evocations
  5561 | D:5      | Noticed Ijyb
  5582 | D:5      | Killed Ijyb
  5698 | D:5      | Killed Menkaure
  5984 | D:5      | Reached skill level 4 in Invocations
  6182 | D:5      | Reached skill level 3 in Conjurations
  6182 | D:5      | Reached skill level 3 in Hexes
  6182 | D:5      | Reached skill level 3 in Summonings
  6182 | D:5      | Reached skill level 3 in Necromancy
  6182 | D:5      | Reached skill level 3 in Translocations
  6182 | D:5      | Reached skill level 3 in Transmutations
  6182 | D:5      | Reached skill level 3 in Ice Magic
  6182 | D:5      | Reached skill level 3 in Air Magic
  6182 | D:5      | Reached skill level 3 in Earth Magic
  6182 | D:5      | Reached skill level 3 in Poison Magic
  6345 | D:5      | Reached XP level 9. HP: 72/72 MP: 16/16
  6474 | D:5      | Noticed p0werm0de's ghost (novice FoCK)
  6481 | D:5      | Found a transporter.
  6486 | D:5      | Found a transporter.
  6710 | D:6      | Reached skill level 4 in Short Blades
  6710 | D:6      | Reached skill level 4 in Axes
  6710 | D:6      | Reached skill level 4 in Maces & Flails
  6710 | D:6      | Reached skill level 4 in Polearms
  6710 | D:6      | Reached skill level 4 in Staves
  6710 | D:6      | Reached skill level 4 in Slings
  6710 | D:6      | Reached skill level 4 in Bows
  6710 | D:6      | Reached skill level 4 in Crossbows
  6710 | D:6      | Reached skill level 4 in Throwing
  6710 | D:6      | Reached skill level 4 in Armour
  6710 | D:6      | Reached skill level 4 in Dodging
  6710 | D:6      | Reached skill level 4 in Stealth
  6710 | D:6      | Reached skill level 4 in Shields
  6710 | D:6      | Reached skill level 4 in Unarmed Combat
  6710 | D:6      | Reached skill level 4 in Evocations
  6720 | D:6      | Reached skill level 5 in Spellcasting
  6973 | D:6      | Found a staircase to the Ecumenical Temple.
  7107 | D:6      | Identified the +1 plate armour "Huofiptasch" {+Blink rElec
                  | SInv}
  7487 | D:7      | Noticed a hornet
  7492 | D:7      | Paralysed by a hornet for 1 turns
  7494 | D:7      | Killed a hornet
  7495 | D:7      | Reached skill level 8 in Fighting
  7495 | D:7      | Reached skill level 8 in Long Blades
  7579 | D:7      | Found Emerox's Weapon Boutique.
  7595 | D:7      | Reached skill level 5 in Invocations
  7732 | D:7      | Found an ancient bone altar of Kikubaaqudgha.
  7750 | D:7      | Reached XP level 10. HP: 74/80 MP: 18/18
  7773 | D:7      | Found a shimmering altar of Xom.
  7797 | D:7      | Found a shimmering altar of Xom.
  7797 | D:7      | Found a shimmering altar of Xom.
  7797 | D:7      | Found a shimmering altar of Xom.
  7797 | D:7      | Found a shimmering altar of Xom.
  7797 | D:7      | Found a shimmering altar of Xom.
  7908 | D:7      | Reached skill level 4 in Conjurations
  7908 | D:7      | Reached skill level 4 in Hexes
  7908 | D:7      | Reached skill level 4 in Summonings
  7908 | D:7      | Reached skill level 4 in Necromancy
  7908 | D:7      | Reached skill level 4 in Translocations
  7908 | D:7      | Reached skill level 4 in Transmutations
  7908 | D:7      | Reached skill level 4 in Ice Magic
  7908 | D:7      | Reached skill level 4 in Air Magic
  7908 | D:7      | Reached skill level 4 in Earth Magic
  7908 | D:7      | Reached skill level 4 in Poison Magic
  8093 | D:7      | Reached skill level 5 in Short Blades
  8093 | D:7      | Reached skill level 5 in Axes
  8093 | D:7      | Reached skill level 5 in Maces & Flails
  8093 | D:7      | Reached skill level 5 in Polearms
  8093 | D:7      | Reached skill level 5 in Staves
  8093 | D:7      | Reached skill level 5 in Slings
  8093 | D:7      | Reached skill level 5 in Bows
  8093 | D:7      | Reached skill level 5 in Crossbows
  8093 | D:7      | Reached skill level 5 in Throwing
  8093 | D:7      | Reached skill level 5 in Armour
  8093 | D:7      | Reached skill level 5 in Dodging
  8093 | D:7      | Reached skill level 5 in Stealth
  8093 | D:7      | Reached skill level 5 in Shields
  8093 | D:7      | Reached skill level 5 in Unarmed Combat
  8093 | D:7      | Reached skill level 5 in Evocations
  8236 | D:7      | Found an opulent altar of Gozag.
  8252 | D:7      | Found a blossoming altar of Fedhas.
  8275 | D:7      | Found a runed translucent door.
  8276 | D:7      | Noticed Crazy Yiuf
  8456 | D:7      | Killed Crazy Yiuf
  8560 | D:8      | Noticed a green ugly thing
  8563 | D:8      | Reached skill level 7 in Fire Magic
  8595 | D:8      | Killed a green ugly thing
  8596 | D:8      | Reached skill level 6 in Spellcasting
  8627 | D:8      | Noticed Erica
  9295 | D:8      | Found a staircase to the Lair.
  9342 | D:8      | Killed Erica
  9343 | D:8      | Reached skill level 6 in Invocations
  9352 | D:8      | Identified +0 acid dragon scales
  9517 | D:9      | Found a white marble altar of Elyvilon.
  9921 | D:9      | Reached XP level 11. HP: 66/87 MP: 13/20
 10111 | D:9      | Found a sparkling altar of Nemelex Xobeh.
 10148 | D:9      | Reached skill level 9 in Fighting
 10148 | D:9      | Reached skill level 6 in Short Blades
 10148 | D:9      | Reached skill level 9 in Long Blades
 10148 | D:9      | Reached skill level 6 in Axes
 10148 | D:9      | Reached skill level 6 in Maces & Flails
 10148 | D:9      | Reached skill level 6 in Polearms
 10148 | D:9      | Reached skill level 6 in Staves
 10148 | D:9      | Reached skill level 6 in Slings
 10148 | D:9      | Reached skill level 6 in Bows
 10148 | D:9      | Reached skill level 6 in Crossbows
 10148 | D:9      | Reached skill level 6 in Throwing
 10148 | D:9      | Reached skill level 6 in Armour
 10148 | D:9      | Reached skill level 6 in Dodging
 10148 | D:9      | Reached skill level 6 in Stealth
 10148 | D:9      | Reached skill level 6 in Shields
 10148 | D:9      | Reached skill level 6 in Unarmed Combat
 10148 | D:9      | Reached skill level 6 in Evocations
 10381 | D:9      | Found a shimmering blue altar of Sif Muna.
 10646 | D:9      | Got Sif Muna's Catalogue of Conjuration
 10723 | D:7      | Noticed a faun
 10723 | D:7      | Noticed a two-headed ogre
 10725 | D:7      | Noticed a steelbarb worm
 10725 | D:7      | a faun changed into a steelbarb worm
 11106 | D:10     | Entered Level 10 of the Dungeon
 11114 | D:10     | Identified a scroll of acquirement
 11170 | D:10     | Reached skill level 5 in Conjurations
 11170 | D:10     | Reached skill level 5 in Hexes
 11170 | D:10     | Reached skill level 5 in Summonings
 11170 | D:10     | Reached skill level 5 in Necromancy
 11170 | D:10     | Reached skill level 5 in Translocations
 11170 | D:10     | Reached skill level 5 in Transmutations
 11170 | D:10     | Reached skill level 5 in Ice Magic
 11170 | D:10     | Reached skill level 5 in Air Magic
 11170 | D:10     | Reached skill level 5 in Earth Magic
 11170 | D:10     | Reached skill level 5 in Poison Magic
 11619 | D:10     | Reached skill level 7 in Spellcasting
 11633 | D:10     | Reached skill level 7 in Invocations
 12685 | D:11     | Noticed a six-headed hydra
 12695 | D:11     | Killed a two-headed hydra
 12696 | D:11     | Reached skill level 8 in Fire Magic
 12696 | D:11     | Reached XP level 12. HP: 50/96 MP: 23/23
 12792 | D:11     | HP: 6/96 [vampire mosquito (9)]
 12793 | D:11     | Mangled by a cyclops

Vanquished Creatures
  Erica (D:8)
  A hydra (D:11)
  An ugly thing (D:8)
  An unseen horror (D:10)
  2 hornets
  2 trolls
  Grinder (D:3)
  A wraith (D:10)
  16 yaks
  Menkaure (D:5)
  3 steam dragons
  3 vampire mosquitoes (D:11)
  An acid dragon (D:8)
  A water moccasin (D:8)
  4 orc warriors
  An ice beast (D:6)
  A sky beast (D:5)
  2 black bears
  2 hornet zombies
  5 necrophages
  4 ogres
  3 centaurs
  4 kobold brigands
  3 bullfrogs
  A gnoll sergeant (D:10)
  A scorpion (D:5)
  2 wyvern zombies (D:7)
  8 killer bees
  11 wights
  A howler monkey (D:8)
  2 bullfrog zombies
  10 centaur zombies
  3 hounds
  A human zombie (D:7)
  4 orc priests
  4 bullfrog skeletons
  3 centaur skeletons (D:7)
  A jelly (D:6)
  Crazy Yiuf (D:7)
  Ijyb (D:5)
  5 iguanas
  12 orc wizards
  4 mummies (D:7)
  5 gnolls (D:10)
  A howler monkey zombie (D:10)
  8 adders
  4 river rats (Sewer)
  A shadow imp (D:8)
  2 white imps
  3 worms
  4 dart slugs
  28 orcs
  11 ball pythons
  4 bats
  9 endoplasms
  5 giant cockroaches
  8 goblins
  3 hobgoblins
  9 jackals
  4 quokkas
  8 frilled lizards
  14 kobolds
  10 rats
280 creatures vanquished.

Vanquished Creatures (others)
  An orc (D:8)
  22 foxfires (D:3)
  17 plants (Sewer)
  2 withered plants (D:10)
42 creatures vanquished.

Grand Total: 322 creatures vanquished
